 Dungeon Crawl Stone Soup version 0.18-a0-486-gab6c0bd (webtiles) character file.

1262 M4edhros the Covert (level 8, 0/48 HPs)
             Began as an Octopode Artificer on Dec 2, 2015.
             Was a Priest of Fedhas.
             Slain by an adder zombie (3 damage)
             ... in an ossuary.
             The game lasted 00:11:38 (5432 turns).

M4edhros the Covert (Octopode Artificer)            Turns: 5432, Time: 00:11:38

Health: 0/48       AC:  2    Str: 11    XL:     8   Next: 52%
Magic:  13/13      EV: 13    Int: 16    God:    Fedhas [***...]
Gold:   321        SH:  0    Dex: 12    Spells: 0 memorised, 7 levels left

rFire  . . .     SeeInvis .     v - +0 hunting sling
rCold  . . .     Clarity  .     (no shield)
rNeg   + . .     SustAt   +     (helmet restricted)
rPois  .         Gourm    .     (no amulet)
rElec  .         Spirit   .     j - ring of flight
rCorr  .         Dismiss  .     q - ring of positive energy
rMut   .         Stasis   .     p - +1 ring of protection
MR     +....                    u - ring of protection from magic
Stlth  +++++.....               C - ring of sustain attributes
                                (no ring)
                                (no ring)
                                (no ring)

@: marked, very slightly contaminated, hasted, very quick, somewhat resistant to
hostile enchantments, quite stealthy
A: almost no armour, amphibious, 8 rings, constrict 8, camouflage 1, gelatinous
body 1
a: Evolution, Sunlight, Growth, Renounce Religion, Evoke Flight


You were in an ossuary.
You worshipped Fedhas.
Fedhas was most pleased with you.
You were not hungry.

You visited 2 branches of the dungeon, and saw 7 of its levels.
You also visited: Ossuary.

You collected 321 gold pieces.

Inventory:

Hand Weapons
 a - a +0 short sword
 k - a +1 short sword of draining
 m - a +2 antimagic dagger
 o - a +1 dagger of venom
 v - a +0 hunting sling (weapon)
Missiles
 f - 214 stones (quivered)
 s - 37 sling bullets
Jewellery
 j - a ring of flight (left tentacle)
 p - a +1 ring of protection (on tentacle)
 q - a ring of positive energy (right tentacle)
 u - a ring of protection from magic (on tentacle)
 C - a ring of sustain attributes (on tentacle)
Wands
 b - a wand of flame (6)
 c - a wand of enslavement (7)
 d - a wand of random effects (11)
 G - a wand of hasting (5)
Scrolls
 l - 2 scrolls of remove curse {unknown}
 t - a scroll of recharging {unknown}
 w - 2 scrolls of magic mapping {unknown}
 y - a scroll of noise {unknown}
 K - a scroll of blinking
 L - 3 scrolls of enchant weapon {unknown}
 M - a scroll of identify
Potions
 g - 2 potions of magic
 x - 2 potions of haste
 E - 2 potions of might {unknown}
 H - 3 potions of agility {unknown}
 I - a potion of flight {unknown}
 J - a potion of poison {unknown}
Books
 z - a book of the Dragon

   Spells                             Type                      Level
   a - Flame Tongue                   Conjuration/Fire             1
   b - Cause Fear                     Hexes                        4
   c - Bolt of Fire                   Conjuration/Fire             6
   d - Dragon Form                    Transmutation                7
   e - Dragon's Call                  Summoning                    9
 A - a book of Maledictions

   Spells                             Type                      Level
   a - Corona                         Hexes                        1
   b - Ensorcelled Hibernation        Hexes/Ice                    2
   c - Confuse                        Hexes                        3
   d - Tukima's Dance                 Hexes                        3
   e - Dazzling Spray                 Conjuration/Hexes            3
Comestibles
 e - 2 bread rations
 h - 3 royal jellies
 i - 2 meat rations
 n - a slice of pizza
 r - a beef jerky
 D - 5 fruits


   Skills:
 - Level 1.0 Fighting
 - Level 1.0 Short Blades
 * Level 3.2 Slings
 + Level 3.5 Dodging
 + Level 8.9 Stealth
 + Level 2.3 Invocations
 + Level 7.1 Evocations


You had 7 spell levels left.
You didn't know any spells.

Dungeon Overview and Level Annotations

Branches:
Dungeon (6/15)             Temple (1/1) D:4

Altars:
Cheibriados
Dithmenos
Elyvilon
Fedhas
Gozag
Kikubaaqudgha
Nemelex Xobeh
Okawaru
Qazlal
Ru
Sif Muna
Trog
Vehumet
Xom
Zin
The Shining One

Shops:
D:5 =%::   D:6 ?*


Innate Abilities, Weirdness & Mutations

You cannot wear most types of armour.
You are amphibious.
You can wear up to eight rings at the same time.
You can use your tentacles to constrict eight enemies at once.
Your skin changes colour to match your surroundings (Stealth).
Your rubbery body absorbs attacks (AC +1).


Message History

You feel strangely unstable. Something hits you.
The adder zombie completely misses you. Something hits you!
Your surroundings seem slightly different.
The elf skeleton misses you. The elf zombie hits you.
A mummy and a zombie come into view.
Drink which item? (? for menu, Esc to quit)
You feel yourself speed up. Something hits you.
* * * LOW HITPOINT WARNING * * *
The adder zombie misses you. The elf skeleton hits you.
* * * LOW HITPOINT WARNING * * *
Something hits you.
* * * LOW HITPOINT WARNING * * *
You are very lightly contaminated with residual magic.
Unknown command.
Drink which item? (? for menu, Esc to quit)
Okay, then.
The adder zombie bites you.
You die...
Fedhas appreciates your contribution to the ecosystem.

#.................
#...##############
#...# # #...# #
#...# # #...# #
#{..# ....# #
#ZZ.# ....# #
#@ZZ# ....## #
#...# .... # #...#
#..# # #.Z.# #..#
# #...# #..# #
#.M.######..######
#.......Z.........
#.......Z8..8.....
#.................


You could see a mummy, 2 adder zombies, a kobold zombie, an elf zombie and an
elf skeleton.

Vanquished Creatures
  Sigmund (D:2)
  2 water moccasins
  An orc warrior (D:6)
  2 ogres (D:4)
  A giant frog (D:6)
  A scorpion (D:4)
  A crimson imp (D:6)
  3 hounds
  3 iguanas
  2 giant frog skeletons
  7 adders
  An ooze (D:4)
  A worm (D:4)
  A giant gecko (D:5)
  6 orcs
  12 goblins
  4 hobgoblins
  3 jackals (D:1)
  A quokka (D:5)
  A ball python (D:3)
  8 bats
  5 giant cockroaches
  A giant gecko skeleton (D:5)
  7 giant newts
  7 hobgoblin skeletons (Ossuary)
  A hobgoblin zombie (Ossuary)
  7 kobolds
  9 kobold skeletons (Ossuary)
  3 orc skeletons (Ossuary)
  3 quokka skeletons (D:5)
  9 rats
114 creatures vanquished.

Vanquished Creatures (collateral kills)
  2 phantoms
  2 ogres (D:4)
  An adder (D:6)
  A hobgoblin (D:2)
6 creatures vanquished.

Vanquished Creatures (others)
  2 wandering mushrooms (D:6)
  An iguana (D:4)
  42 toadstools
45 creatures vanquished.

Grand Total: 165 creatures vanquished

Notes
Turn   | Place    | Note
--------------------------------------------------------------
     0 | D:1      | M4edhros the Octopode Artificer began the quest for the Orb.
     0 | D:1      | Reached XP level 1. HP: 13/13 MP: 3/3
   166 | D:1      | Reached XP level 2. HP: 11/18 MP: 4/4
   580 | D:2      | Reached XP level 3. HP: 16/23 MP: 5/5
   683 | D:3      | Noticed a phantom
   689 | D:3      | Reached skill level 4 in Evocations
   719 | D:4      | Reached XP level 4. HP: 3/28 MP: 7/7
  1006 | D:4      | Noticed an ogre
  1012 | D:4      | Killed an ogre
  1012 | D:4      | Reached skill level 5 in Stealth
  1012 | D:4      | Reached skill level 5 in Evocations
  1012 | D:4      | Reached XP level 5. HP: 25/33 MP: 8/8
  1151 | D:4      | Found a snail-covered altar of Cheibriados.
  1151 | D:4      | Found a stormy altar of Qazlal.
  1162 | D:4      | Reached skill level 6 in Stealth
  1162 | D:4      | Reached XP level 6. HP: 17/38 MP: 8/10
  1428 | D:4      | Killed an ogre
  1428 | D:4      | Reached skill level 7 in Stealth
  1493 | D:4      | Found a staircase to the Ecumenical Temple.
  1497 | Temple   | Entered the Ecumenical Temple
  1516 | Temple   | Became a worshipper of Xom of Chaos
  1529 | Temple   | Fell from the grace of Xom
  1529 | Temple   | Became a worshipper of Fedhas Madash
  1630 | D:2      | Noticed Sigmund
  1632 | D:2      | Killed Sigmund
  1632 | D:2      | Reached XP level 7. HP: 43/43 MP: 11/11
  1847 | D:1      | XOM: medium Ice miscast
  2110 | D:1      | XOM: noise
  2191 | D:1      | XOM: summons 2 hostile shadow creatures
  2326 | D:2      | Reached * piety under Fedhas
  2567 | D:2      | XOM: severe Necr miscast
  2568 | D:2      | Noticed a soul eater
  2877 | D:3      | Reached skill level 8 in Stealth
  3073 | D:3      | Reached skill level 1 in Slings
  3333 | D:4      | XOM: summons 5 hostile shadow creatures
  3367 | D:4      | XOM: mild Fire miscast
  3571 | D:4      | XOM: polymorph wandering mushroom -> wandering mushroom
  3793 | D:4      | Found an opulent altar of Gozag.
  3794 | D:4      | Found a shadowy altar of Dithmenos.
  3818 | D:4      | Reached skill level 1 in Invocations
  3903 | D:5      | Entered Level 5 of the Dungeon
  3953 | D:5      | Found Liaph's Book Shoppe.
  3996 | D:5      | Found Fumn's Book Emporium.
  4031 | D:5      | XOM: give mutations
  4031 | D:5      | Gained mutation: You are dopey. (Int -2) [Xom's mischief]
  4031 | D:5      | Gained mutation: You are clumsy. (Dex -2) [Xom's mischief]
  4031 | D:5      | Gained mutation: You are weak. (Str -2) [Xom's mischief]
  4089 | D:5      | XOM: noise
  4093 | D:5      | Lost mutation: You are weak. (Str -2) [potion of cure mutation]
  4093 | D:5      | Lost mutation: You are clumsy. (Dex -2) [potion of cure mutation]
  4093 | D:5      | Lost mutation: You are dopey. (Int -2) [potion of cure mutation]
  4344 | D:5      | Found Bicwied's Food Boutique.
  4360 | D:5      | XOM: summons 4 hostile demons
  4469 | D:5      | XOM: stat loss: -1 Dex (12/12)
  4517 | D:5      | XOM: polymorph wandering mushroom -> wandering mushroom
  4543 | D:5      | Reached XP level 8. HP: 40/48 MP: 13/13
  4544 | D:5      | Reached ** piety under Fedhas
  4683 | D:5      | Found Mikueki's Jewellery Shop.
  4892 | D:6      | Found Ritwox's Magic Scroll Emporium.
  5083 | D:6      | Found Zin's Purification Station.
  5090 | D:6      | Found a glowing silver altar of Zin.
  5154 | D:6      | Found a sand-covered staircase.
  5162 | Ossuary  | Entered an ossuary
  5343 | Ossuary  | Reached *** piety under Fedhas
  5432 | Ossuary  | Slain by an adder zombie

Vault maps used:
D:1:      lightli_arrival_chessboard
D:2:      uniq_sigmund
D:4:      gammafunk_temple_overflow_pools, grunt_temple_overflow_open,
          minmay_temple_entry_grid
D:5:      first_bread, serial_shops, shop, shop, shop, shop
D:6:      overflow_temple_1_default, zin_purify, nicolae_ossuary_entry_ruins,
          serial_shops, nicolae_shop_stone, uniq_duvessa
Temple:   triangle_lava_temple_12
Ossuary:  ossuary_tomb_1

Action                   |  1- 3 |  4- 6 |  7- 9 || total
-------------------------+-------+-------+-------++-------
Melee: Short sword       |    54 |    15 |     3 ||    72
       Dagger            |       |       |   127 ||   127
 Fire: Hunting sling     |       |       |    77 ||    77
Invok: Evolution         |       |       |     4 ||     4
       Sunlight          |       |       |     1 ||     1
Evoke: Wand              |       |    10 |    11 ||    21
  Use: Potion            |     2 |       |     4 ||     6
       Scroll            |       |       |     6 ||     6
 Stab: Sleeping          |     3 |     4 |    27 ||    34
       Paralysed         |       |       |     1 ||     1
  Eat: Chunk             |       |     2 |       ||     2
       Meat ration       |       |       |     3 ||     3
